Map: Site Delta LE

Players

SubN - Winner!

  • Race: Zerg Zerg
  • League: Diamond
  • Spawn Location: 11:00

Nori

  • Race: Zerg Zerg
  • League: Diamond
  • Spawn Location: 5:00

VOD

Have the link to the VOD?

Description

Time

  • Played on: Dec. 22, 2023, 8:40 p.m.
  • Length: 9:11
Show
View Real Time Build Order
Export as new Build Order

SubN Zerg - Winner!

Build Orders: Hatch First 

Get SALT Encoding   

  12  0:00  Drone  
  13  0:12  Overlord  
  13  0:18  Drone  
  14  0:30  Drone x2  
  14  0:34  Drone  
  17  0:52  Hatchery  
  17  0:55  Drone  
  17  0:59  Drone  
  18  1:04  Extractor  
  17  1:16  Spawning Pool  
  16  1:24  Drone x2  
  18  1:32  Drone  
  19  1:38  Drone  
  20  1:49  Overlord  
  20  2:00  Drone  
  21  2:03  Queen  
  21  2:04  Queen  
  25  2:09  Drone  
  25  2:12  Drone  
  25  2:13  Metabolic Boost  
  27  2:26  Drone x3  
  30  2:35  Drone  
  30  2:36  Overlord  
  31  2:44  Queen  
  31  2:46  Drone  
  34  3:01  Drone x3  
  34  3:04  Hatchery  
  36  3:12  Drone x2  
  38  3:18  Overlord  
  38  3:22  Drone  
  38  3:25  Extractor  
  38  3:26  Drone, Extractor  
  38  3:29  Drone  
  39  3:37  Evolution Chamber  
  39  3:38  Evolution Chamber  
  39  3:40  Drone x4, Roach Warren  
  40  3:42  Drone  
  41  3:58  Drone x4  
  41  4:01  Drone x2, Extractor  
  41  4:02  Drone  
  47  4:14  Drone x2  
  47  4:16  Drone  
  50  4:19  Lair  
  50  4:23  Drone x2  
  52  4:30  Queen  
  54  4:39  Overlord x5  
  54  4:46  Zerg Missile Weapons Level 1  
  54  4:49  Zerg Ground Armor Level 1  
  54  4:51  Zergling x8  
  60  5:00  Roach x4  
  66  5:07  Roach x3  
  72  5:14  Roach x3  
  72  5:15  Roach  
  72  5:16  Overlord  
  72  5:17  Overlord  
  75  5:31  Roach x3  
  75  5:32  Roach x4  
  84  5:43  Queen  
  84  5:44  Glial Reconstitution  
  84  5:48  Roach  
  84  5:49  Roach x2  
  92  5:52  Roach x2  
  96  6:01  Overlord  
  96  6:06  Roach x4  
  102  6:17  Roach x5  
  102  6:18  Roach  
  102  6:24  Roach x3  
  108  6:30  Overlord  
  108  6:36  Roach x3  
  114  6:40  Overseer  
  112  7:05  Drone x10  
  122  7:08  Overlord x2  
  122  7:25  Queen  
  114  7:32  Roach x7  
  114  7:33  Roach  
  116  7:42  Roach x4  
  104  7:52  Extractor  
  104  7:53  Extractor, Roach x3  
  100  8:03  Infestation Pit  
  99  8:10  Roach x7  
  111  8:20  Drone x4  
  115  8:29  Drone  
  116  8:35  Drone x4  
  120  8:42  Roach x6  
  132  8:52  Roach x3  
Show
View Real Time Build Order
Export as new Build Order

Nori Zerg 

Build Orders: Hatch First 

Get SALT Encoding   

  12  0:00  Drone  
  13  0:12  Overlord  
  13  0:18  Drone  
  14  0:31  Drone x2  
  16  0:49  Hatchery  
  15  0:52  Drone  
  15  0:57  Drone  
  17  0:59  Drone  
  18  1:11  Extractor  
  17  1:15  Spawning Pool  
  17  1:18  Drone  
  17  1:21  Drone  
  18  1:29  Drone  
  19  1:39  Drone  
  20  1:50  Overlord  
  20  2:02  Queen x2  
  20  2:05  Drone  
  20  2:06  Drone  
  26  2:14  Drone  
  26  2:15  Drone  
  28  2:22  Drone x2  
  30  2:33  Overlord x2  
  30  2:38  Queen  
  30  2:42  Lair  
  32  2:45  Drone x2  
  34  2:53  Evolution Chamber  
  34  2:56  Overlord  
  33  3:03  Roach Warren  
  32  3:07  Evolution Chamber  
  31  3:14  Drone x4  
  31  3:16  Drone  
  31  3:18  Drone  
  37  3:21  Drone  
  37  3:26  Drone x2  
  40  3:28  Drone  
  40  3:31  Extractor  
  40  3:34  Extractor  
  40  3:36  Zerg Missile Weapons Level 1  
  40  3:38  Drone  
  40  3:39  Drone  
  41  3:42  Drone  
  41  3:46  Glial Reconstitution  
  41  3:47  Drone  
  43  3:49  Drone  
  43  3:51  Drone  
  43  3:53  Drone  
  43  3:55  Drone  
  47  4:08  Drone, Roach  
  47  4:09  Roach x3  
  56  4:27  Roach x2  
  56  4:29  Overlord x2  
  60  4:32  Hatchery  
  60  4:37  Overlord x2  
  59  4:47  Overlord  
  59  4:48  Roach  
  59  4:49  Roach x3  
  67  5:02  Zerg Ground Armor Level 1  
  67  5:03  Roach x2  
  67  5:04  Roach x2  
  67  5:05  Roach  
  77  5:09  Extractor  
  76  5:30  Roach x8  
  92  5:42  Roach x4  
  94  5:46  Drone  
  95  5:52  Roach  
  97  5:59  Roach x2  
  81  6:20  Roach  
  81  6:21  Roach x9  
  101  6:29  Drone x3  
  101  6:30  Extractor  
  101  6:31  Queen  
  105  6:39  Overlord  
  105  6:40  Overlord x4  
  105  6:56  Overlord x5  
  105  6:59  Roach x2  
  109  7:05  Roach x2  
  109  7:06  Roach  
  115  7:08  Drone  
  116  7:18  Roach x4  
  112  7:35  Roach x6  
  112  7:36  Roach x2  
  92  7:56  Roach  
  92  7:57  Roach x9  
  104  7:59  Drone  
  104  8:03  Drone x2  
  105  8:12  Roach x2  
  105  8:22  Overlord x3  
  105  8:25  Drone  
  106  8:27  Ravager  
  111  8:34  Roach x3  
  111  8:35  Roach  
  115  8:53  Hydralisk Den  
Tags
 
Add a new tag
Caveats
  • Supply blocks, unpowered buildings, or Contaminate may cause inaccurate times.
  • Supply counts are checked every 10 seconds.